 Dungeon Crawl Stone Soup version 0.28.0-43-g3370ac3207 (webtiles) character file.

Game seed: 11997287483183702946

86 issech the Cudgeller (level 4, -3/44 HPs)
             Began as a Troll Monk on Mar 22, 2022.
             Slain by a black bear (4 damage)
             ... on level 4 of the Dungeon.
             The game lasted 00:06:15 (1830 turns).

issech the Cudgeller (Troll Monk)                   Turns: 1830, Time: 00:06:16

Health: -3/44      AC:  4    Str: 19    XL:     4   Next: 26%
Magic:  3/3        EV:  7    Int:  6    God:
Gold:   84         SH: 10    Dex: 14    Spells: 3/3 levels left

rFire   . . .      SeeInvis .   a - +0 mace
rCold   . . .      Faith    .   n - +0 tower shield
rNeg    . . .      Spirit   .   b - +0 robe
rPois   .          Reflect  .   e - +0 hat {Stlth+}
rElec   .          Harm     .   (no cloak)
rCorr   .          Rampage  .   (gloves unavailable)
Will    .....                   (boots unavailable)
Stlth   +++.......              j - amulet of magic regeneration
HPRegen 0.94/turn               (no ring)
MPRegen 0.48/turn               (no ring)

@: no status effects
A: large, unfitting armour, claws 3, regeneration 1, shaggy fur 1, tough skin 1
a: no special abilities


You were on level 4 of the Dungeon.
You visited 1 branch of the dungeon, and saw 6 of its levels.

You collected 84 gold pieces.

Inventory:

Hand Weapons
 a - a +0 mace (weapon)
 h - a +0 antimagic dagger
Missiles
 d - 107 stones (quivered)
 f - 46 arrows
Armour
 b - a +0 robe (worn)
 e - a +0 hat of stealth (worn)
 n - a +0 tower shield (worn)
Jewellery
 j - an amulet of magic regeneration (around neck)
Wands
 p - a wand of polymorph (10)
Scrolls
 g - 2 scrolls of identify {unknown}
 i - a scroll of noise {unknown}
 k - a scroll of fog {unknown}
 l - a scroll of immolation {unknown}
 m - a scroll of brand weapon {unknown}
 q - a scroll of teleportation {unknown}
Potions
 c - 2 potions of degeneration {unknown}
 o - a potion of cancellation {unknown}


   Skills:
 + Level 2.8 Fighting
 + Level 3.7 Maces & Flails
 + Level 3.0 Dodging
 + Level 1.2 Stealth


You had 3 spell levels left.
You didn't know any spells.
Your spell library contained the following spells:

 Spells                   Type           Power      Damage    Failure   Level
 Petrify                  Tmut/Erth      0%         N/A       100%        4
 Metabolic Englaciation   Hex/Ice        0%         N/A       100%        5
 Statue Form              Tmut/Erth      0%         N/A       100%        6


Dungeon Overview and Level Annotations

Branches:
Dungeon (6/15)
 Temple: D:4-7

Altars:
Ashenzari
Makhleb
Okawaru

Shops:
D:2 !


Innate Abilities, Weirdness & Mutations

You are too large for most types of armour.
You have claws for hands.
Your natural rate of healing is unusually fast.
You are covered in fur. (AC +1)
You have tough skin. (AC +1)


Message History

The black bear claws you. The black bear bites you. The black bear claws you.
The black bear barely misses you. The black bear bites you.
The black bear barely misses you. You block the black bear's attack.
You hit the black bear but do no damage.
The black bear is heavily wounded.
The black bear bites you! The black bear barely misses you.
The black bear claws you.
You hit the black bear.
The black bear is severely wounded.
The black bear goes berserk!
You block the black bear's attack. x2
The black bear claws you but does no damage.
You hit the black bear.
The black bear is severely wounded.
The black bear bites you! The black bear claws you.
* * * LOW HITPOINT WARNING * * *
The black bear claws you.
* * * LOW HITPOINT WARNING * * *
You block the black bear's attack. The black bear claws you.
* * * LOW HITPOINT WARNING * * *
You block the black bear's attack. You block the black bear's attack.
The black bear barely misses you. x2
The black bear rages.
The black bear completely misses you. You block the black bear's attack.
The black bear barely misses you. The black bear barely misses you.
The black bear claws you.
* * * LOW HITPOINT WARNING * * *
The black bear claws you.
* * * LOW HITPOINT WARNING * * *
The black bear closely misses you. The black bear barely misses you.
You block the black bear's attack.
You hit the black bear.
The black bear is almost dead.
The black bear bites you but does no damage.
The black bear claws you but does no damage.
The black bear claws you.
* * * LOW HITPOINT WARNING * * *
The black bear bites you.
You die...

#.# #.# #
#.####...
#........
#..#######..
#.## #.. #.#
..# #h# #.# #@#
#.# ####.# #.#
#....## ##.#
#.....######..#
#..##.........#
#..
####.####.##
#.. #.......#
#. ######..# #.
#..#


You could see a black bear (berserk).

Vanquished Creatures
  3 adders
  2 orcs
  2 ball pythons
  4 bats
  9 endoplasms
  4 giant cockroaches
  5 goblins
  5 hobgoblins
  7 kobolds
  3 quokkas (D:1)
  3 frilled lizards
  2 rats (D:3)
49 creatures vanquished.

Notes
Turn   | Place    | Note
-------+----------+-------------------------------------------
     0 | D:1      | issech the Troll Monk began the quest for the Orb.
     0 | D:1      | Reached XP level 1. HP: 22/22 MP: 0/0
   183 | D:1      | Reached XP level 2. HP: 29/29 MP: 1/1
   709 | D:2      | Found a faded altar of an unknown god.
   736 | D:2      | Reached XP level 3. HP: 27/36 MP: 2/2
   787 | D:2      | Found a broken altar of Ashenzari.
   964 | D:2      | Found Buk Gean's Distillery.
  1450 | D:3      | Found an iron altar of Okawaru.
  1529 | D:3      | Reached XP level 4. HP: 44/44 MP: 3/3
  1708 | D:3      | Found a burning altar of Makhleb.
  1723 | D:3      | You fall into a shaft and drop 3 floors!
  1723 | D:6      | Noticed an ogre
  1729 | D:6      | Noticed a scorpion
  1729 | D:6      | Noticed an ogre
  1734 | D:5      | Entered Level 5 of the Dungeon
  1804 | D:4      | Noticed a black bear
  1830 | D:4      | HP: 1/44 [black bear (6)]
  1830 | D:4      | Slain by a black bear

Illustrated notes

Levels and vault maps discovered:
D:1:      kilobyte_arrival_exit_the_forest, layout_rooms, corexii_hall_statues_i
D:2:      layout_basic, basic_altar, basic_ecumenical_altar, serial_shops, shop
D:3:      layout_basic, lemuel_tele_altar, okawaru_trees_1,
          kennysheep_generic_room_11
D:4:      layout_loops_ring, eat_drink_and_be_merry_uskayaw, chei_slow_surprise
D:5:      layout_basic, tgw_xom, overflow_temple_1_default,
          mainiacjoe_overflow_six_doors_small, minmay_temple_entry_junction_2,
          cheibrodos_sewer_entry_sluice
D:6:      layout_basic, hangedman_abyss_or_decor_stagger, nrook_loot_triangle,
          kennysheep_donut, kennysheep_generic_room_8

Skill      XL: |  1  2  3 |
---------------+----------+-----
Maces & Flails | 3 |  3.7
Dodging        | 3 |  3.0
Fighting       | |  2.8
Stealth        | |  1.2

Action                   |  1- 3 |  4- 6 || total
-------------------------+-------+-------++-------
Melee: Mace              |   122 |    44 ||   166
       Punch             |     3 |       ||     3
 Stab: Sleeping          |     6 |       ||     6
Armor: Robe              |    52 |    18 ||    70
Dodge: Dodged            |    71 |    28 ||    99
Block: Tower shield      |     4 |    39 ||    43
